 Dungeon Crawl Stone Soup version 0.30.1-11-g7821555f0a (webtiles) character file.

Game seed: 4461587107833835928

147 MrIGI the Ruffian (level 5, -1/53 HPs)
             Began as a Troll Fighter on Dec 18, 2023.
             Killed from afar by an orc wizard (3 damage)
             ... with a magic dart
             ... on level 4 of the Dungeon.
             The game lasted 00:03:17 (1395 turns).

MrIGI the Ruffian (Troll Fighter)                   Turns: 1395, Time: 00:03:18

Health: -1/53      AC:  5    Str: 26    XL:     5   Next: 7%
Magic:  4/4        EV:  9    Int:  4    God:
Gold:   251        SH:  8    Dex:  9    Spells: 4/4 levels left

rFire   . .          .
                       - Unarmed
rCold   . . .        b - +0 kite shield
rNeg    . . .        a - +0 robe
rPois   .            (helmet restricted)
rElec   .            l - +0 cloak
rCorr   .            (gloves unavailable)
SInv    .            (boots unavailable)
Will    .....        (no amulet)
Stlth   +            (no ring)
HPRegen 1.08/turn    (no ring)
MPRegen 0.09/turn

%: no passive effects
@: no status effects
A: large, unfitting armour, claws 3, regeneration 1, shaggy fur 1, tough skin 1
a: no special abilities


You were on level 4 of the Dungeon.
You visited 1 branch of the dungeon, and saw 4 of its levels.

You collected 251 gold pieces.

Inventory:

Armour
 a - a +0 robe (worn)
 b - a +0 kite shield (worn)
 j - a +2 helmet
 l - a +0 cloak (worn)
 p - the +1 leather armour of the Baker {Harm Rampage rPois Str-4}
   (You found it on level 4 of the Dungeon)

   Str:       It affects your strength (-4).
   rPois:     It protects you from poison.
   Harm:      It increases damage dealt and taken.
   Rampage:   It bestows one free step when moving towards enemies.
Scrolls
 d - 4 scrolls of identify {unknown}
 e - 2 scrolls of noise {unknown}
 g - a scroll of poison {unknown}
 h - a scroll of fog {unknown}
 k - a scroll of brand weapon {unknown}
 n - a scroll of enchant armour {unknown}
 o - a scroll of blinking {unknown}
Potions
 c - 2 potions of might
 f - 2 potions of brilliance {unknown}
 i - a potion of haste {unknown}
 m - a potion of lignification {unknown}


   Skills:
 + Level 3.0 Fighting
 + Level 3.0 Dodging
 + Level 3.3 Shields
 * Level 3.6 Unarmed Combat


You had 4 spell levels left.
You didn't know any spells.
Your spell library contained the following spells:

 Spells                   Type           Power      Damage    Failure   Level
 Magic Dart               Conj           0%         1d3       75%         1
 Sandblast                Erth           0%         2d4       75%         1
 Call Imp                 Summ           0%         N/A       87%         2
 Mephitic Cloud           Conj/Pois/Air  0%         N/A       98%         3
 Leda's Liquefaction      Hex/Erth       0%         N/A       100%        4
 Borgnjor's Vile Clutch   Necr/Erth      0%         N/A       100%        5


Dungeon Overview and Level Annotations

Branches:
Dungeon (4/15)             Temple (0/1) D:4

Altars:
Fedhas


Innate Abilities, Weirdness & Mutations

You are too large for most types of armour.
You have claws for hands.
Your natural rate of healing is unusually fast.
You are covered in fur. (AC +1)
You have tough skin. (AC +1)


Message History

You feel sick.
The orc priest hits you but does no damage.
You are more poisoned.
You block the orc's attack.
You claw the orc priest!
You kill the orc priest!
You feel very sick. The orc hits you with a +0 flail.
Your Dodging skill increases to level 3!
You have reached level 5!
You claw the orc!
You kill the orc!
You feel sick.
You barely miss the orc.
You feel sick. The orc closely misses you.
The orc wizard casts a spell.
The orc wizard flickers and vanishes!
Deactivating autopickup; reactivate with Ctrl-A.
You claw the orc!
You kill the orc!
You feel sick.
You claw the orc!
You kill the orc!
You feel sick.
You hear some strange, mumbled words.
A puff of flame appears from out of thin air!
The puff of flame hits you!
* * * LOW HITPOINT WARNING * * *
You feel sick.
You feel sick.
You are no longer poisoned.
Something hits you but does no damage.
You claw something! Something hits you but does no damage.
You hear some strange, mumbled words.
A puff of flame appears from out of thin air!
The puff of flame hits you!
* * * LOW HITPOINT WARNING * * *
You hear some strange, mumbled words.
A magic dart appears from out of thin air!
The magic dart hits you.
You die...

.....##...##....# .#....
..........#.....#...#.....
........(..........#
...#.##..#.##.##...### ..
#.....#............
....##....#.##......
..##....##.#....####
.....##......##......
.#....@{##........<
..#.##....))#.......
...##.#.#.......
#.#.....#.......## ..
#..##.... ....+ .# ...
.##.# ...# ..## .. .. ...#
##. ##


There were no monsters in sight!

Vanquished Creatures
  An orc priest (D:4)
  4 adders
  2 adder skeletons (D:2)
  2 worms
  3 orcs (D:4)
  6 ball pythons
  5 bats
  A bat zombie (D:2)
  4 endoplasms
  3 giant cockroaches
  8 hobgoblins
  2 quokkas
  A ball python skeleton (D:2)
  7 frilled lizards
  4 goblins
  8 kobolds
  10 rats
71 creatures vanquished.

Notes
Turn   | Place    | Note
-------+----------+-------------------------------------------
     0 | D:1      | MrIGI the Troll Fighter began the quest for the Orb.
     0 | D:1      | Reached XP level 1. HP: 22/22 MP: 0/0
    53 | D:1      | Reached XP level 2. HP: 29/29 MP: 1/1
   352 | D:1      | Reached XP level 3. HP: 36/36 MP: 2/2
   867 | D:2      | Found a faded altar of an unknown god.
   895 | D:3      | Reached XP level 4. HP: 44/44 MP: 3/3
  1059 | D:3      | Got the Spellbook of Terra Firma
  1160 | D:3      | Found a blossoming altar of Fedhas.
  1331 | D:4      | Identified the +1 leather armour of the Baker {Harm Rampage
                  | rPois Str-4}
  1365 | D:4      | Found a staircase to the Ecumenical Temple.
  1387 | D:4      | Reached XP level 5. HP: 19/53 MP: 4/4
  1394 | D:4      | HP: 1/53 [something/puff of flame (8)]
  1395 | D:4      | Killed from afar by an orc wizard

Illustrated notes

Levels and vault maps discovered:
D:1:      pf_arrival_petrified_forest, layout_rooms
D:2:      layout_rooms, shapermc_ecumenical_altar_mp_vishouse, serial_undead,
          serial_undead_e, serial_undead_e, serial_undead_c, serial_undead_a
D:3:      layout_rooms, amcnicky_altar_gilded
D:4:      layout_gridville, minmay_temple_entry_ruins

Skill      XL: |  1  2  3  4 |
---------------+-------------+-----
Shields        | 3 |  3.3
Unarmed Combat | 3 |  3.6
Fighting       | 3 |  3.0
Dodging        | 3 |  3.0

Action                     |  1- 3 |  4- 6 || total
---------------------------+-------+-------++-------
  Melee: Unarmed           |   106 |    73 ||   179
 Armour: Robe              |    38 |    13 ||    51
  Dodge: Dodged            |    25 |    15 ||    40
  Block: Kite shield       |    56 |    21 ||    77
